 Dungeon Crawl Stone Soup version 0.30.1-4-g462c640d31 (webtiles) character file.

Game seed: 449446834094514208

310 Babbit the Chopper (level 6, 0/53 HPs)
             Began as a Minotaur Fighter on Aug 20, 2023.
             Slain by a killer bee (6 damage)
             ... on level 4 of the Dungeon.
             The game lasted 00:07:23 (2803 turns).

Babbit the Chopper (Minotaur Fighter)               Turns: 2803, Time: 00:07:24

Health: 0/53       AC:  9    Str: 27    XL:     6   Next: 17%
Magic:  5/5        EV: 10    Int:  5    God:
Gold:   135        SH:  4    Dex:  9    Spells: 5/5 levels left

rFire   . . .        a - +0 war axe
rCold   x . .        c - +0 buckler
rNeg    . . .        b - +0 scale mail
rPois   .            (helmet restricted)
rElec   +            (no cloak)
rCorr   .            (no gloves)
SInv    .            p - +1 pair of boots
Will    .....        m - amulet of Jiafo {Faith rElec rF- Regen+ Str+4} Stlth
                     i - ring of fire
HPRegen 1.08/turn    n - ring of flight
MPRegen 0.09/turn

%: faith
@: lethally poisoned (0 -> -5), flying
A: horns 2, retaliatory headbutt
a: no special abilities


You were on level 4 of the Dungeon.
You visited 1 branch of the dungeon, and saw 4 of its levels.

You collected 135 gold pieces.

Inventory:

Hand Weapons
 a - a +0 war axe (weapon)
Armour
 b - a +0 scale mail (worn)
 c - a +0 buckler (worn)
 p - a +1 pair of boots (worn)
Jewellery
 i - a ring of fire (left hand)
 m - the amulet of Jiafo (around neck) {Faith rElec rF- Regen+ Str+4}
   (You found it on level 3 of the Dungeon)

   [amulet of faith]

   It allows you to gain divine favour quickly.
   Str:       It affects your strength (+4).
   rF:        It makes you vulnerable to fire.
   rElec:     It insulates you from electricity.
   Regen:     It increases your rate of health regeneration.
 n - a ring of flight (right hand)
Scrolls
 e - 2 scrolls of vulnerability {unknown}
 f - a scroll of identify
 j - a scroll of fear {unknown}
 k - 2 scrolls of teleportation
 o - a scroll of torment {unknown}
 r - a scroll of amnesia {unknown}
Potions
 d - a potion of haste
 g - a potion of berserk rage
 l - a potion of ambrosia
 q - a potion of brilliance {unknown}
 s - a potion of might


   Skills:
 + Level 4.6 Fighting
 + Level 5.4 Axes
 + Level 5.1 Armour
 + Level 2.0 Dodging
 + Level 4.2 Shields


You had 5 spell levels left.
You didn't know any spells.
Your spell library contained the following spells:

 Spells                   Type           Power      Damage    Failure   Level
 Beastly Appendage        Tmut           0%         N/A       80%         1
 Wereblood                Tmut           0%         N/A       90%         2
 Spider Form              Tmut/Pois      0%         N/A       99%         3


Dungeon Overview and Level Annotations

Branches:
Dungeon (4/15)             Temple (0/1) D:4

Altars:


Innate Abilities, Weirdness & Mutations

You have a pair of horns on your head.
You reflexively headbutt those who attack you in melee.


Message History

The killer bee closely misses you. The killer bee stings you.
The killer bee closely misses you. The killer bee stings you.
* * * LOW HITPOINT WARNING * * *
The killer bee stings you.
* * * LOW HITPOINT WARNING * * *
The killer bee closely misses you. You furiously retaliate!
You headbutt the killer bee!
You kill the killer bee!
You have reached level 6!
You feel better. You block the killer bee's attack.
The killer bee barely misses you.
The killer bee stings you but does no damage.
The killer bee closely misses you. The killer bee stings you.
* * * LOW HITPOINT WARNING * * *
You are poisoned.
The killer bee poisons you!
You feel better. You block the killer bee's attack.
The killer bee barely misses you. You furiously retaliate!
You headbutt the killer bee.
The killer bee stings you but does no damage.
The killer bee stings you!
* * * LOW HITPOINT WARNING * * *
The killer bee stings you.
* * * LOW HITPOINT WARNING * * *
You are poisoned.
The killer bee poisons you! You block the killer bee's attack.
You miss the killer bee. Your headbutt misses the killer bee.
The killer bee is moderately wounded.
You miss the killer bee. x2; You feel sick.
The killer bee stings you.
* * * LOW HITPOINT WARNING * * *
You are more poisoned.
The killer bee poisons you!
The killer bee stings you but does no damage.
The killer bee closely misses you. You furiously retaliate!
You headbutt the killer bee!
You kill the killer bee!
You block the killer bee's attack. x2; The killer bee stings you.
* * * LOW HITPOINT WARNING * * *
The killer bee stings you.
You die...

### #.# #.. ..# .. #.#
#.# #### .##. #.#
#####.# #.. .... #.#
#.....# #.# ... #.#
#.###.####.###.#
..###.#.#.#........# #
..........#.8.8.8†.#...#
.....#....)..⌠.⌠@y......
..#.###..##.8.>.8y.#...#
...## ##.##..⌠.⌠...# #
#...# .....8.8.8...#
####.#.####.......#.# #
#.# ####.####.# # #. #..
# # ####


You could see 2 killer bees.

Vanquished Creatures
  A scorpion (D:4)
  3 killer bees (D:4)
  7 gnolls
  3 dart slugs
  2 orcs (D:3)
  7 endoplasms
  13 giant cockroaches
  6 hobgoblins
  3 quokkas
  8 ball pythons
  4 bats
  7 frilled lizards
  5 goblins
  12 kobolds
  7 rats
88 creatures vanquished.

Notes
Turn   | Place    | Note
-------+----------+-------------------------------------------
     0 | D:1      | Babbit the Minotaur Fighter began the quest for the Orb.
     0 | D:1      | Reached XP level 1. HP: 19/19 MP: 0/0
   145 | D:1      | Reached XP level 2. HP: 27/27 MP: 1/1
   962 | D:2      | Reached XP level 3. HP: 33/33 MP: 2/2
  1218 | D:2      | Reached XP level 4. HP: 39/40 MP: 3/3
  1899 | D:3      | Identified the amulet of Jiafo {Faith rElec rF- Regen+
                  | Str+4}
  2030 | D:3      | Found a faded altar of an unknown god.
  2592 | D:4      | Noticed a scorpion
  2598 | D:4      | Killed a scorpion
  2599 | D:4      | Reached skill level 1 in Dodging
  2599 | D:4      | Reached XP level 5. HP: 30/47 MP: 4/4
  2758 | D:4      | Reached skill level 5 in Axes
  2771 | D:4      | Found a staircase to the Ecumenical Temple.
  2800 | D:4      | Reached skill level 5 in Armour
  2801 | D:4      | Reached XP level 6. HP: 8/53 MP: 5/5
  2803 | D:4      | Slain by a killer bee

Illustrated notes

Levels and vault maps discovered:
D:1:      dpeg_arrival_houses_and_road, layout_loops_corners,
          minmay_shallow_snake_nest
D:2:      layout_loops_ring, minmay_misc_feat_five, kennysheep_generic_room_3
D:3:      minmay_roachtagon, layout_rooms, serial_co_window_serial,
          co_window_paths_a, co_window_paths_a, co_window_corner_a,
          co_window_paths_a, co_window_paths_a, co_window_of_opportunity_b,
          co_window_broadway_c, co_window_of_opportunity_c, co_window_cross_4,
          co_window_corner_b, co_window_broadway_c, glass_columns_b,
          ebering_ecumenical_altar_webs
D:4:      layout_loops_corners, minmay_temple_entry_statues_fountains,
          minmay_distorted

Skill      XL: |  1  2  3  4  5 |
---------------+----------------+-----
Armour         | 4 5 |  5.1
Fighting       | 4 |  4.6
Axes           | 3 4 5 |  5.4
Shields        | 4 |  4.2
Dodging        | 1 2 |  2.0

Action                     |  1- 3 |  4- 6 || total
---------------------------+-------+-------++-------
  Melee: War axe           |    54 |   102 ||   156
         Headbutt          |     9 |    17 ||    26
    Use: Potion            |     1 |     2 ||     3
         Scroll            |       |     5 ||     5
 Armour: Scale mail        |    23 |    57 ||    80
  Dodge: Dodged            |    23 |    62 ||    85
  Block: Buckler           |     5 |    40 ||    45
